 Dungeon Crawl Stone Soup version 0.27.1-1-g398f81649c (webtiles) character file.

Game seed: 1888211711229149465

180 VictoriousLee the Caller (level 5, -1/35 HPs)
             Began as a Barachi Summoner on Sept 8, 2021.
             Slain by an iguana (9 damage)
             ... on level 4 of the Dungeon.
             The game lasted 00:14:53 (4034 turns).

VictoriousLee the Caller (Barachi Summoner)         Turns: 4034, Time: 00:14:53

Health: -1/35      AC:  3    Str:  9    XL:     5   Next: 60%
Magic:  2/10       EV: 12    Int: 17    God:
Gold:   119        SH:  0    Dex: 12    Spells: 1/11 levels left

rFire    . . .     SeeInvis +   f - +0 club
rCold    . . .     Faith    .   (no shield)
rNeg     . . .     Spirit   .   a - +0 robe
rPois    +         Reflect  .   s - +0 helmet
rElec    .         Harm     .   (no cloak)
rCorr    .         Rampage  .   (no gloves)
Will     .....                  (no boots)
Stlth    ++........             (no amulet)
HPRegen  0.11/turn              k - ring of poison resistance
MPRegen  0.12/turn              h - ring of see invisible

@: unable to hop, slow
A: amphibious, slowness 1, strong legs 1, +LOS
a: Hop


You were on level 4 of the Dungeon.
You visited 1 branch of the dungeon, and saw 4 of its levels.

You collected 119 gold pieces.

Inventory:

Hand Weapons
 f - a +0 club (weapon)
 x - a +0 trident
 y - a +0 spear
Missiles
 g - 51 stones
 w - 2 poisoned darts
Armour
 a - a +0 robe (worn)
 b - a +0 chain mail
 n - a +0 ring mail
 o - a +0 chain mail
 q - a +0 leather armour
 s - a +0 helmet (worn)
Jewellery
 h - a ring of see invisible (right hand)
 i - a ring of positive energy
 k - a ring of poison resistance (left hand)
 A - a +6 ring of strength
Scrolls
 d - 3 scrolls of teleportation
 e - a scroll of fog {unknown}
 m - a scroll of amnesia {unknown}
 p - a scroll of noise {unknown}
 r - a scroll of fear {unknown}
 u - a scroll of vulnerability {unknown}
 z - a scroll of enchant armour {unknown}
Potions
 c - 2 potions of haste
 j - a potion of attraction
 l - a potion of ambrosia {unknown}
 t - a potion of cancellation {unknown}
 v - a potion of flight {unknown}


   Skills:
 - Level 2.1 Dodging
 - Level 1.7 Stealth
 - Level 3.6 Spellcasting
 - Level 6.0 Summonings
 * Level 3.2 Air Magic


You had one spell level left.
You knew the following spells:

 Your Spells              Type           Power      Damage    Failure   Level
a - Call Imp              Summ           23%        N/A       1%          2
b - Summon Small Mammal   Summ           92%        N/A       1%          1
c - Call Canine Familiar  Summ           23%        N/A       4%          3
s - Summon Lightning Spi  Summ/Air       18%        N/A       24%         4

Your spell library contained the following spells:

 Spells                   Type           Power      Damage    Failure   Level
 Summon Guardian Golem    Hex/Summ       13%        N/A       14%         3
 Tukima's Dance           Hex            3%         N/A       43%         3
 Passage of Golubria      Tloc           N/A        N/A       85%         4
 Yara's Violent Unravell  Hex/Tmut       1%         3d3       99%         5


Dungeon Overview and Level Annotations

Branches:
Dungeon (4/15)
 Temple: D:4-7

Altars:
Trog
Beogh

Annotations:
D:3 3 runed translucent doors, acemry's ghost, amateur DEFE


Innate Abilities, Weirdness & Mutations

You are amphibious.
You cover ground slowly.
You can hop short distances.
You have an extended range of vision and can be seen from far away.


Message History

Your hound misses the iguana. The iguana barely misses you.
Your hound bites the iguana but does no damage.
Your hound bites the iguana but does no damage.
Your crimson imp hits the iguana but does no damage.
The iguana bites you.
Casting: Call Imp (safe; 1% risk of failure)
Confirm with . or Enter, or press ? or * to list all spells.
A beastly little devil appears in a puff of flame.
Your hound bites the iguana.
Your crimson imp hits the iguana but does no damage.
The iguana bites you.
* * * LOW HITPOINT WARNING * * *
Hop to where?
Press: ? - help, Dir - move target Boing!
Your hound closely misses the iguana. x2
Your crimson imp hits the iguana.
Your crimson imp blinks!
Casting: Call Imp (safe; 1% risk of failure)
Confirm with . or Enter, or press ? or * to list all spells.
A shadowy apparition takes form in the air.
Your hound closely misses the iguana.
What are your orders? t - Croak!
Orders for allies: a - Attack new target. r - Retreat! s - Stop attacking. g - Guard the area. f - Follow me.
Anything else - Cancel.
Gang up on whom?
Press: ? - help, Dir - move target, f - iguana
Aim: an iguana (lightly wounded, ally target) Attack!
Your hound bites the iguana but does no damage. x2
Your hound bites the iguana.
Your shadow imp barely misses the iguana.
You hit the iguana but do no damage.
The iguana is moderately wounded.
Your hound closely misses the iguana.
Your shadow imp closely misses the iguana.
The iguana bites you!
You die...

#.##.# #.##.# #.##.# #.#
###.##.# #.# #......###.#
#.#......#.# #.....##.#.#
#.....##.#.#######
##+###@....##.#.#......
#....#l5...##.#.#.#####
#....##h...##.#'#.....#
#....##5...##......##.#
+....''....##......##.#
##..###....##....##......##.#
#...........'....+(.#'#####.#
#........#.##....####.# #.#
#........#.......# #.# #.#


You could see an iguana (ally target), a friendly hound (summoned), a friendly
crimson imp (summoned) and a friendly shadow imp (summoned).

Vanquished Creatures
  A necrophage (D:4)
  A water moccasin skeleton (D:4)
  Robin (D:3)
  An orc (D:3)
  2 ball pythons
  An endoplasm (D:1)
  2 giant cockroaches
  2 hobgoblins
  5 bats
  A frilled lizard (D:3)
  A goblin (D:1)
  4 rats
22 creatures vanquished.

Vanquished Creatures (collateral kills)
  A hound (D:3)
  A hound skeleton (D:4)
  An adder (D:3)
  A worm (D:3)
  2 dart slugs
  2 orcs (D:3)
  9 ball pythons
  4 bats
  3 endoplasms
  2 giant cockroaches
  8 goblins
  2 hobgoblins
  6 kobolds
  3 quokkas (D:1)
  6 frilled lizards
  3 rats (D:3)
54 creatures vanquished.

Grand Total: 76 creatures vanquished

Notes
Turn   | Place    | Note
-------+----------+-------------------------------------------
     0 | D:1      | VictoriousLee the Barachi Summoner began the quest for the
                  | Orb.
     0 | D:1      | Reached XP level 1. HP: 13/13 MP: 3/3
   178 | D:1      | Reached skill level 5 in Summonings
   483 | D:1      | Reached XP level 2. HP: 19/19 MP: 1/5
   594 | D:1      | Learned a level 2 spell: Call Imp
  1257 | D:1      | Found a faded altar of an unknown god.
  1618 | D:2      | Reached XP level 3. HP: 24/24 MP: 4/6
  1622 | D:2      | Learned a level 3 spell: Call Canine Familiar
  1651 | D:2      | Reached skill level 6 in Summonings
  2066 | D:3      | Found a bloodstained altar of Trog.
  2099 | D:3      | Noticed Robin
  2104 | D:3      | Killed Robin
  2305 | D:3      | Reached XP level 4. HP: 25/30 MP: 1/8
  2478 | D:3      | Identified the +8 mace of Internal Strife {drain, Will+}
  2478 | D:3      | Identified the +1 leather armour of Duck's Teeth {Stlth+}
  2479 | D:3      | Found a runed translucent gate.
  2479 | D:3      | Found a runed translucent gate.
  2479 | D:3      | Found a runed translucent gate.
  2482 | D:3      | Noticed acemry's ghost (amateur DEFE)
  3072 | D:3      | Noticed an ice beast
  3095 | D:3      | Learned a level 4 spell: Summon Lightning Spire
  3366 | D:4      | Reached skill level 1 in Air Magic
  3622 | D:4      | Noticed a necrophage
  3634 | D:4      | Killed a necrophage
  3635 | D:4      | Reached XP level 5. HP: 25/35 MP: 3/10
  4034 | D:4      | Slain by an iguana

Illustrated notes

Levels and vault maps discovered:
D:1:      minmay_arrival_jagged, layout_basic,
          hellmonk_ecumenical_altar_slurped_away
D:2:      layout_rooms, hangedman_abyss_or_decor_lesser_grid,
          minmay_misc_feat_cross, hex_large
D:3:      minmay_recursive_quarters, layout_basic,
          mainiacjoe_overflow_boulevard, biasface_ghost_orc_armoury, uniq_robin
D:4:      layout_basic, zin_statuary, minmay_temple_entry_fiery,
          kennysheep_generic_room_15

Skill      XL: |  1  2  3  4 |
---------------+-------------+-----
Summonings     | 5 6 |  6.0
Spellcasting   | 3 |  3.6
Air Magic      | 3 |  3.2
Dodging        | |  2.1
Stealth        | |  1.7

Action                   |  1- 3 |  4- 6 || total
-------------------------+-------+-------++-------
Melee: Unarmed           |    22 |       ||    22
       Club              |    65 |    62 ||   127
 Cast: Summon Small Mamm |    29 |       ||    29
       Call Imp          |    13 |     9 ||    22
       Call Canine Famil |     1 |    11 ||    12
 Abil: Hop               |       |     1 ||     1
  Use: Scroll            |       |     3 ||     3
 Stab: Distracted        |       |     1 ||     1
Armor: Robe              |    27 |    13 ||    40
Dodge: Dodged            |    75 |    42 ||   117
